 Dungeon Crawl Stone Soup version 0.19.1 (webtiles) character file.

1230 Tiuover the Cleaver (level 8, -2/60 HPs)
             Began as a Formicid Fighter on Dec 23, 2016.
             Was a Follower of Okawaru.
             Slain by a killer bee (6 damage)
             ... on level 6 of the Dungeon.
             The game lasted 00:10:49 (4612 turns).

Tiuover the Cleaver (Formicid Fighter)              Turns: 4612, Time: 00:10:49

Health: -2/60      AC: 11    Str: 29    XL:     8   Next: 77%
Magic:  8/8        EV:  5    Int:  7    God:    Okawaru [*.....]
Gold:   204        SH: 10    Dex: 10    Spells: 1 memorised, 6 levels left

rFire  . . .     SeeInvis +     a - +0 war axe
rCold  . . .     Gourm    .     m - +0 plate armour
rNeg   . . .     Faith    .     c - +0 shield
rPois  .         Spirit   .     (helmet unavailable)
rElec  .         Reflect  .     (no cloak)
rCorr  .         Harm     .     (no gloves)
MR     +....                    (no boots)
Stlth  ..........               (no amulet)
                                (no ring)
                                t - ring of protection from magic

@: mighty, lethally poisoned (-2 -> -19), flying
A: permanent stasis, dig shafts and tunnels, four strong arms, antennae 3
a: Dig, Shaft Self, Heroism, Renounce Religion


You were on level 6 of the Dungeon.
You worshipped Okawaru.
Okawaru was aware of your devotion.
You were hungry.

You visited 2 branches of the dungeon, and saw 7 of its levels.

You collected 204 gold pieces.

Inventory:

Hand Weapons
 a - a +0 war axe (weapon)
Missiles
 b - 92 stones
 r - 4 tomahawks (quivered)
Armour
 c - a +0 shield (worn)
 m - a +0 plate armour (worn)
Jewellery
 t - a ring of protection from magic (left hand)
 v - an uncursed ring of magical power {unknown}
Scrolls
 e - 4 scrolls of blinking
 h - 2 scrolls of remove curse {unknown}
 i - 5 scrolls of identify
 k - 2 scrolls of enchant armour {unknown}
 l - a scroll of random uselessness {unknown}
 q - a scroll of teleportation {unknown}
 s - a scroll of immolation {unknown}
 u - a scroll of noise {unknown}
Potions
 n - a potion of flight
Books
 w - a book of Cantrips

   Spells                             Type                      Level
   a - Confusing Touch                Hexes                        1
   b - Animate Skeleton               Necromancy                   1
   c - Summon Small Mammal            Summoning                    1
   d - Apportation                    Translocation                1
Comestibles
 f - 5 bread rations
 g - 4 meat rations
 j - a royal jelly
 o - a slice of pizza
 p - 6 chunks of flesh


   Skills:
 - Level 3.7 Fighting
 + Level 9.9 Axes
 - Level 3.4 Armour
 - Level 3.7 Shields


You had 6 spell levels left.
You knew the following spells:

 Your Spells              Type           Power        Failure   Level  Hunger
a - Apportation           Tloc           #.........   100%        1    ##.....


Dungeon Overview and Level Annotations

Branches:
Dungeon (6/15)             Temple (1/1) D:5

Altars:
Ashenzari
Cheibriados
Dithmenos
Elyvilon
Fedhas
Gozag
Hepliaklqana
Nemelex Xobeh
Okawaru
Ru
Sif Muna
Vehumet
Xom
Yredelemnul
The Shining One


Innate Abilities, Weirdness & Mutations

You are under a permanent stasis effect.
You can dig through walls and to a lower floor.
Your four strong arms can wield two-handed weapons with a shield.
You have a pair of large antennae on your head. (SInv)


Message History

The killer bee stings you but does no damage.
Okay, then.
As you read the scroll labeled IMATHR WECKI, it crumbles to dust.
It is a scroll of identify.
e - 4 scrolls of blinking
* * * LOW HITPOINT WARNING * * *
You feel sick.
The killer bee stings you but does no damage.
The killer bee barely misses you.
The killer bee stings you but does no damage.
The killer bee barely misses you.
You are too injured to fight recklessly!
You are too injured to fight recklessly!
You are too injured to fight recklessly!
You are too injured to fight recklessly!
Your plate armour prevents you from hitting the killer bee.
You barely miss the killer bee. You miss the killer bee.
* * * LOW HITPOINT WARNING * * *
You feel sick. The killer bee stings you.
You die...

..#..........#..........#
..#..........#..........#
..#..........+..........#
..#+#######..#..........##
#.. ###.##..####........#
... #..........#........#
....#..........#........#
#######'####yy......#
...........@ys......#
...........y####....#
............# .y..+
............+ ..yo#
............# ....#
..########### ...... ..
....y.


You could see a scorpion and 4 killer bees.

Vanquished Creatures
  Sigmund (D:5)
  The ghost of zeroDi the Sneak, an amateur VSAs (D:4)
  An ice beast (D:6)
  Blork the orc (D:6)
  2 scorpions
  2 killer bees (D:6)
  A bullfrog zombie (D:5)
  2 crimson imps (D:5)
  2 hounds
  2 orc wizards
  A jelly (D:5)
  2 orc priests
  2 iguanas
  A worker ant (D:5)
  A hound skeleton (D:4)
  6 adders
  A shadow imp (D:5)
  A worm (D:5)
  2 dart slugs (D:1)
  9 leopard geckos
  15 orcs
  A ball python (D:4)
  6 bats
  4 giant cockroaches
  2 goblins
  9 hobgoblins
  11 jackals
  4 kobolds
  3 quokkas
  A ball python skeleton (D:6)
  3 frilled lizards
  A jackal skeleton (D:4)
  A leopard gecko zombie (D:5)
  6 rats
108 creatures vanquished.

Notes
Turn   | Place    | Note
-------+----------+-------------------------------------------
     0 | D:1      | Tiuover the Formicid Fighter began the quest for the Orb.
     0 | D:1      | Reached XP level 1. HP: 18/18 MP: 1/1
    65 | D:1      | Reached XP level 2. HP: 24/24 MP: 2/2
   170 | D:1      | Reached skill level 3 in Axes
   170 | D:1      | Reached XP level 3. HP: 24/29 MP: 3/3
  1109 | D:2      | Reached XP level 4. HP: 35/35 MP: 4/4
  1622 | D:3      | Reached skill level 4 in Axes
  1771 | D:3      | Reached XP level 5. HP: 37/41 MP: 5/5
  1873 | D:3      | Reached skill level 5 in Axes
  2548 | D:4      | Noticed zeroDi's ghost (amateur VSAs)
  2562 | D:4      | Killed zeroDi's ghost
  2562 | D:4      | Reached skill level 6 in Axes
  2562 | D:4      | Reached XP level 6. HP: 47/47 MP: 6/6
  2812 | D:4      | Reached XP level 7. HP: 49/52 MP: 7/7
  3216 | D:4      | Reached skill level 7 in Axes
  3469 | D:5      | Entered Level 5 of the Dungeon
  3854 | D:5      | Found a staircase to the Ecumenical Temple.
  3854 | D:5      | Noticed Sigmund
  3864 | D:5      | Killed Sigmund
  3864 | D:5      | Reached skill level 8 in Axes
  3894 | Temple   | Entered the Ecumenical Temple
  3900 | Temple   | Became a worshipper of Warmaster Okawaru
  3969 | D:5      | Reached XP level 8. HP: 58/60 MP: 8/8
  4321 | D:5      | Reached skill level 9 in Axes
  4390 | D:5      | Found a hazy altar of Hepliaklqana.
  4471 | D:5      | Learned a level 1 spell: Apportation
  4591 | D:6      | Noticed Blork the orc
  4600 | D:6      | Reached * piety under Okawaru
  4606 | D:6      | Killed Blork the orc
  4612 | D:6      | Slain by a killer bee

Skill      XL: |  1  2  3  4  5  6  7  8 |
---------------+-------------------------+-----
Axes           | 3 4 6 8 9 |  9.9
Fighting       | |  3.7
Armour         | |  3.4
Shields        | |  3.7

Action                   |  1- 3 |  4- 6 |  7- 9 || total
-------------------------+-------+-------+-------++-------
Melee: War axe           |   110 |   121 |   202 ||   433
Throw: Stone             |       |     1 |       ||     1
       Tomahawk          |       |       |     2 ||     2
  Use: Potion            |       |       |     4 ||     4
       Scroll            |       |       |     1 ||     1
  Eat: Chunk             |     1 |     5 |     6 ||    12
Armor: Scale mail        |    49 |    13 |       ||    62
       Plate armour      |       |    36 |   103 ||   139
Dodge: Dodged            |    39 |    27 |    37 ||   103
Block: Shield            |    64 |    59 |    94 ||   217
